Map: Efflorescence LE

Players

street - Winner!

  • Race: Zerg Zerg
  • Spawn Location: 12:00

Tom - Winner!

  • Race: Protoss Protoss
  • Spawn Location: 3:00

Massa

  • Race: Terran Terran
  • League: Platinum
  • Spawn Location: 6:00

qqq

  • Race: Zerg Zerg
  • League: Platinum
  • Spawn Location: 9:00

VOD

Have the link to the VOD?

Description

Time

  • Played on: Nov. 22, 2020, 9:22 a.m.
  • Length: 14:16
Show
View Real Time Build Order
Export as new Build Order

street Zerg - Winner!

Build Orders: Hatch First, Zergling Baneling 

Get SALT Encoding   

  12  0:00  Drone  
  13  0:13  Overlord  
  13  0:18  Drone  
  14  0:31  Drone  
  14  0:32  Drone  
  14  0:35  Drone  
  17  0:55  Hatchery  
  16  0:57  Drone  
  16  1:00  Drone  
  18  1:12  Extractor  
  18  1:16  Spawning Pool  
  16  1:19  Drone  
  16  1:22  Drone  
  18  1:28  Drone  
  19  1:42  Overlord  
  19  1:52  Drone  
  20  2:03  Queen  
  20  2:04  Zergling x2  
  20  2:06  Queen  
  20  2:08  Zergling x2  
  26  2:11  Metabolic Boost  
  26  2:13  Drone  
  27  2:18  Drone  
  27  2:22  Drone  
  29  2:29  Drone  
  30  2:37  Drone  
  30  2:42  Baneling Nest  
  30  2:44  Queen  
  30  2:47  Overlord  
  32  3:08  Zergling x4  
  32  3:12  Drone  
  35  3:13  Drone  
  35  3:16  Hatchery  
  35  3:22  Overlord  
  35  3:27  Baneling x2  
  35  3:36  Queen  
  37  3:41  Drone  
  37  3:42  Drone x3  
  37  3:43  Drone  
  42  3:54  Drone x3  
  45  3:56  Overlord  
  45  4:00  Overlord  
  45  4:08  Lair  
  45  4:10  Drone x2  
  47  4:26  Zergling x8  
  51  4:34  Zergling x6  
  51  4:35  Zergling x8  
  53  4:40  Baneling x2  
  50  4:56  Baneling  
  50  4:57  Baneling x6  
  21  5:25  Zergling x14  
  25  5:33  Queen  
  25  5:34  Queen  
  25  5:44  Baneling  
  25  5:45  Baneling  
  25  5:47  Drone  
  25  5:49  Drone  
  27  6:08  Drone x4  
  31  6:19  Drone x2  
  33  6:26  Drone x2  
  35  6:38  Drone x2  
  37  6:44  Drone x2, Spore Crawler  
  37  6:45  Drone  
  39  6:47  Drone  
  40  6:57  Drone x3  
  40  6:58  Drone  
  43  7:09  Zergling x6  
  39  7:28  Queen  
  39  7:31  Baneling x2  
  39  7:33  Baneling x2  
  39  7:36  Drone x5  
  44  7:40  Roach Warren  
  43  7:48  Zergling x8  
  47  8:02  Drone x2  
  47  8:03  Drone x2  
  47  8:05  Extractor  
  49  8:17  Zergling x8  
  53  8:31  Roach  
  53  8:32  Roach  
  51  8:36  Roach  
  51  8:37  Roach x3  
  51  8:40  Overlord x3  
  58  8:56  Glial Reconstitution  
  58  9:00  Drone x3  
  58  9:01  Drone x2  
  63  9:03  Extractor  
  63  9:04  Overseer  
  62  9:10  Hatchery  
  62  9:12  Drone x2  
  63  9:21  Baneling  
  63  9:22  Baneling x4  
  63  9:31  Extractor, Drone x2  
  62  9:32  Drone x5  
  69  9:46  Drone x2, Hydralisk Den  
  69  9:58  Spore Crawler  
  65  10:02  Spore Crawler  
  65  10:05  Spore Crawler  
  63  10:08  Spore Crawler  
  63  10:09  Drone x3, Spore Crawler  
  63  10:18  Hydralisk x5, Spore Crawler  
  63  10:19  Hydralisk  
  74  10:22  Queen  
  76  10:30  Spore Crawler  
  76  10:32  Muscular Augments  
  76  10:34  Drone x2  
  76  10:35  Evolution Chamber  
  76  10:44  Roach x2  
  76  10:46  Overlord x3  
  80  11:01  Overlord x3  
  80  11:02  Overlord  
  80  11:09  Spore Crawler  
  80  11:11  Zerg Missile Weapons Level 1  
  79  11:13  Drone  
  79  11:16  Evolution Chamber, Roach x2  
  83  11:24  Drone x2  
  83  11:25  Drone x3  
  88  11:31  Roach  
  88  11:32  Roach  
  96  11:40  Roach x3  
  96  11:43  Grooved Spines  
  97  11:51  Roach x3  
  97  11:52  Roach x2  
  107  11:59  Ravager x2  
  109  12:04  Zerg Ground Armor Level 1  
  109  12:06  Hydralisk x2  
  113  12:16  Roach x3  
  113  12:17  Roach x2  
  113  12:19  Overlord  
  124  12:30  Ravager  
  124  12:36  Hydralisk x3  
  128  12:39  Overlord x3  
  129  12:55  Hydralisk x2  
  129  12:56  Hydralisk x2  
  137  13:09  Ravager  
  137  13:11  Overlord x2  
  138  13:28  Roach  
  138  13:29  Roach x5  
  150  13:40  Hatchery  
  150  13:41  Drone x6  
  155  13:51  Extractor  
  132  13:56  Extractor  
Show
View Real Time Build Order
Export as new Build Order

Tom Protoss - Winner!

Build Orders:  

Get SALT Encoding   

  12  0:00  Probe  
  13  0:12  Probe  
  14  0:18  Pylon  
  14  0:24  Probe  
  15  0:37  Gateway  
  15  0:41  Probe (Chrono Boost)  
  16  0:48  Assimilator  
  16  0:53  Probe (Chrono Boost)  
  17  0:59  Probe (Chrono Boost)  
  18  1:06  Assimilator  
  18  1:07  Probe  
  19  1:26  Cybernetics Core  
  19  1:27  Zealot  
  19  1:30  Probe  
  22  1:42  Probe  
  23  2:10  Pylon  
  23  2:18  Nexus  
  23  2:22  Warp Gate (Chrono Boost)  
  23  2:26  Adept (Chrono Boost)  
  25  2:33  Probe  
  26  2:41  Stargate  
  26  2:43  Pylon  
  26  2:49  Sentry  
  28  2:56  Pylon  
  28  3:00  Probe  
  29  3:14  Shield Battery  
  29  3:17  Probe  
  30  3:20  Adept  
  30  3:21  Void Ray (Chrono Boost)  
  32  3:29  Probe  
  32  3:33  Probe  
  39  3:41  Probe  
  39  3:45  Probe  
  40  3:52  Robotics Facility  
  40  3:57  Probe  
  41  4:06  Probe  
  41  4:09  Probe, Assimilator  
  43  4:10  Assimilator  
  43  4:18  Probe  
  43  4:20  Forge  
  43  4:21  Probe  
  45  4:29  Stalker  
  45  4:31  Void Ray (Chrono Boost)  
  51  4:56  Stalker  
  51  4:58  Void Ray (Chrono Boost)  
  53  5:20  Stalker  
  51  5:25  Void Ray (Chrono Boost)  
  55  5:49  Zealot  
  48  6:11  Probe  
  48  6:12  Probe  
  48  6:18  Gateway  
  50  6:20  Gateway, Pylon  
  50  6:22  Photon Cannon  
  50  6:24  Gateway  
  50  6:25  Gateway, Photon Cannon  
  50  6:27  Photon Cannon  
  50  6:29  Probe, Photon Cannon  
  50  6:30  Photon Cannon  
  51  6:36  Probe  
  52  6:41  Probe  
  53  7:00  Void Ray  
  57  7:13  Protoss Shields Level 1 (Chrono Boost)  
  57  7:17  Protoss Air Weapons Level 1 (Chrono Boost)  
  57  7:33  Probe x2  
  57  7:34  Void Ray (Chrono Boost)  
  57  7:36  Immortal  
  63  7:39  Photon Cannon  
  67  7:45  Probe (Chrono Boost)  
  67  7:48  Probe (Chrono Boost)  
  67  7:49  Twilight Council  
  69  7:57  Probe (Chrono Boost)  
  70  8:12  Probe x2  
  68  8:16  Adept  
  68  8:22  Pylon x2  
  68  8:24  Pylon x2  
  68  8:25  Pylon  
  60  8:48  Pylon  
  60  8:50  Charge (Chrono Boost)  
  60  8:51  Pylon  
  60  8:52  Probe  
  60  8:54  Zealot, Pylon  
  60  8:55  Zealot x3  
  69  9:04  Probe, Stargate  
  70  9:16  Probe  
  67  9:27  Protoss Air Armor Level 1  
  67  9:35  Protoss Ground Weapons Level 1 (Chrono Boost)  
  67  9:38  Zealot x4  
  69  9:39  Zealot  
  77  9:53  Phoenix (Chrono Boost)  
  79  10:05  Nexus  
  81  10:08  Phoenix (Chrono Boost)  
  83  10:15  Phoenix (Chrono Boost)  
  83  10:22  Phoenix (Chrono Boost)  
  85  10:34  Pylon  
  85  10:35  Probe x2  
  87  10:37  Pylon  
  86  10:47  Probe x2, Phoenix  
  86  10:48  Phoenix  
  92  10:53  Stalker x2  
  96  10:59  Templar Archives, Probe  
  96  11:00  Probe  
  98  11:06  Shield Battery  
  98  11:10  Assimilator  
  98  11:12  Assimilator  
  98  11:19  Phoenix  
  98  11:22  Phoenix  
  88  11:38  Void Ray  
  80  11:41  Void Ray  
  82  12:04  Zealot x5  
  82  12:05  Probe (Chrono Boost)  
  93  12:15  Probe (Chrono Boost)  
  94  12:20  Probe (Chrono Boost)  
  95  12:24  Phoenix x2  
  99  12:32  Probe  
  98  12:43  Probe x2  
  101  12:44  Probe  
  101  12:52  Void Ray  
  101  12:53  Void Ray  
  101  12:55  Probe x2  
  99  12:59  Probe  
  108  13:07  Probe  
  108  13:08  Fleet Beacon  
  107  13:12  Zealot  
  107  13:13  Zealot x4, Forge  
  115  13:29  Void Ray  
  115  13:38  Photon Cannon, Pylon  
  115  13:41  Pylon  
  119  13:44  High Templar x4  
  119  13:47  Nexus  
  119  13:48  Archon x2  
  121  14:04  Stalker  
  121  14:09  Pylon  
  123  14:10  Pylon  
  123  14:12  Pylon  
  123  14:14  Pylon  
Show
View Real Time Build Order
Export as new Build Order

Massa Terran 

Build Orders:  

Get SALT Encoding   

  12  0:00  SCV  
  13  0:12  SCV  
  14  0:18  Supply Depot  
  14  0:24  SCV  
  15  0:40  SCV  
  15  0:42  Barracks  
  16  0:48  Supply Depot  
  16  0:53  SCV  
  17  1:05  SCV  
  18  1:17  Barracks  
  18  1:20  Refinery  
  18  1:21  SCV  
  19  1:32  Barracks  
  19  1:36  Marine  
  20  1:46  Orbital Command  
  20  2:00  Barracks Tech Lab  
  20  2:05  Marine  
  21  2:19  Marine x2  
  23  2:23  Marine  
  24  2:31  Stimpack  
  24  2:34  Supply Depot  
  24  2:37  Marine, Supply Depot  
  24  2:40  Marauder  
  27  2:50  Marine  
  28  2:54  Marine  
  28  2:57  Supply Depot  
  29  3:02  Marauder  
  31  3:08  Marine  
  31  3:12  Marine  
  33  3:21  Supply Depot  
  33  3:23  Marauder  
  33  3:26  Marine  
  36  3:30  Marine  
  37  3:44  Marine  
  37  3:45  Marauder  
  37  3:48  Marine  
  41  3:56  SCV  
  41  4:01  Marine  
  43  4:06  Marauder, Marine  
  46  4:11  Combat Shield  
  46  4:19  Marine  
  46  4:23  Marine  
  48  4:27  Marauder  
  50  4:37  Marine  
  51  4:47  Marine  
  51  4:49  Marauder  
  54  4:55  Marine  
  55  5:05  SCV, Marine  
  57  5:10  Marauder  
  57  5:13  Marine  
  54  5:17  SCV  
  48  5:22  Marine  
  40  5:29  SCV  
  40  5:30  Marine  
  40  5:31  Marauder  
  44  5:40  Marine  
  44  5:41  Concussive Shells  
  45  5:46  Command Center  
  45  5:51  Factory  
  45  5:53  Marauder  
  45  5:54  SCV  
  48  6:06  SCV  
  48  6:11  Refinery  
  49  6:14  Marauder  
  51  6:19  SCV  
  51  6:20  Engineering Bay  
  52  6:28  Marine x2  
  54  6:35  Marine  
  54  6:37  SCV  
  54  6:39  Factory Tech Lab  
  56  6:43  Supply Depot  
  56  6:46  Marine  
  53  7:10  Command Center  
  53  7:17  Cyclone  
  56  7:34  Missile Turret  
  56  7:43  Missile Turret  
  56  7:52  Refinery  
  56  7:53  Orbital Command  
  56  7:54  Refinery  
  56  8:04  Missile Turret  
  34  8:45  Marine  
  34  8:46  Marauder, Marine  
  30  8:49  Orbital Command  
  30  8:56  SCV  
  30  9:02  Missile Turret  
  31  9:03  Marine  
  31  9:07  Marauder  
  31  9:08  SCV, Cyclone  
  38  9:10  Marine  
  38  9:15  Mag-Field Accelerator  
  39  9:20  SCV x2  
  39  9:21  Marine  
  42  9:28  Marauder, Marine  
  45  9:32  SCV  
  46  9:40  Cyclone  
  46  9:41  Missile Turret  
  46  9:42  Missile Turret  
  46  9:43  SCV  
  50  9:53  Barracks Reactor  
  50  9:54  Barracks Reactor  
  50  9:56  Marauder  
  52  10:01  SCV x2  
  54  10:10  Sensor Tower  
  54  10:14  Missile Turret  
  54  10:17  Marine, Terran Infantry Weapons Level 1  
  55  10:23  Missile Turret  
  55  10:29  SCV x2  
  55  10:35  Marine x3  
  59  10:36  Marauder  
  59  10:37  Marine  
  59  10:41  SCV x2  
  65  10:46  Refinery  
  65  10:53  SCV  
  65  10:54  Command Center  
  66  11:02  Marauder, Marine  
  69  11:24  Marauder  
  70  11:37  Marine x3  
  50  11:55  Cyclone  
  50  11:57  Marauder, Marine x4  
  53  12:10  Orbital Command  
  53  12:12  Barracks x2  
  53  12:15  Marine x3  
  53  12:18  Marauder  
  55  12:27  Cyclone  
  55  12:28  Bunker  
  58  12:33  Bunker  
  58  12:37  Marine x3  
  58  12:39  Marine  
  58  12:40  Marauder  
  64  12:59  Cyclone  
  64  13:01  Marauder  
  69  13:18  Orbital Command  
  69  13:22  Marauder  
  69  13:25  Missile Turret  
  69  13:26  Missile Turret  
  71  13:30  Barracks Reactor, Barracks Tech Lab  
  71  13:31  Marine x3, Siege Tank  
  71  13:32  Marine  
  71  13:33  SCV x2  
  80  13:44  Marauder  
  80  13:45  SCV  
  80  13:47  Engineering Bay  
  80  13:48  Armory  
  82  13:49  Marine x2  
Show
View Real Time Build Order
Export as new Build Order

qqq Zerg 

Build Orders: Hatch First 

Get SALT Encoding   

  12  0:01  Drone  
  13  0:09  Drone  
  14  0:20  Overlord  
  14  0:45  Hatchery  
  13  0:50  Drone  
  13  0:52  Drone  
  13  0:56  Drone  
  16  1:02  Drone  
  17  1:26  Spawning Pool  
  17  1:27  Drone x2, Extractor  
  17  1:40  Drone  
  18  1:48  Drone  
  19  1:59  Drone  
  19  2:01  Drone  
  21  2:08  Overlord  
  21  2:26  Drone x2  
  21  2:28  Zergling x2  
  25  2:30  Queen, Zergling x2  
  25  2:31  Metabolic Boost  
  25  2:33  Queen  
  25  2:35  Drone  
  30  2:39  Zergling x2  
  30  2:40  Drone  
  32  2:49  Overlord  
  32  2:51  Drone  
  33  3:02  Baneling Nest  
  33  3:03  Zergling x2  
  33  3:04  Zergling x2  
  34  3:12  Zergling x2  
  35  3:15  Zergling x2  
  36  3:24  Zergling x2  
  38  3:27  Zergling x2  
  38  3:35  Drone  
  38  3:36  Zergling x2  
  40  3:41  Zergling x6  
  40  3:43  Zergling x2  
  40  3:46  Baneling x2  
  40  3:47  Baneling x2  
  44  3:48  Baneling  
  44  3:49  Hatchery  
  44  3:53  Zergling x2  
  44  3:56  Overlord  
  44  4:03  Overlord  
  44  4:10  Overlord  
  44  4:16  Zergling x6  
  48  4:17  Zergling x2  
  48  4:27  Zergling x2  
  48  4:28  Zergling x6  
  51  4:50  Zergling x10  
  51  4:51  Zergling x8  
  56  5:14  Zergling x6  
  56  5:15  Zergling x8  
  55  5:24  Zergling x4  
  41  6:00  Zergling x4  
  41  6:01  Zergling x2  
  41  6:02  Lair  
  41  6:04  Drone x2, Zergling x2  
  41  6:05  Zergling x6  
  41  6:06  Queen  
  49  6:18  Extractor, Spore Crawler  
  48  6:20  Spore Crawler  
  48  6:24  Spore Crawler  
  45  6:31  Baneling x2  
  45  6:32  Baneling x6  
  45  6:35  Drone x2  
  45  6:36  Drone x3  
  45  6:37  Drone x3  
  53  6:50  Drone x4  
  53  6:51  Zergling x2  
  49  7:11  Zergling x10  
  49  7:12  Drone x4  
  49  7:13  Drone  
  53  7:24  Drone  
  53  7:25  Zergling x8  
  57  7:31  Drone  
  57  7:32  Drone  
  58  7:37  Spire  
  58  7:39  Spore Crawler  
  58  7:41  Zergling x4  
  58  7:43  Overlord  
  58  7:45  Overlord  
  58  7:55  Baneling x2  
  58  7:58  Baneling x4  
  58  7:59  Baneling x2  
  58  8:01  Drone  
  58  8:02  Drone x3  
  56  8:21  Zergling x12  
  56  8:22  Drone x2, Overlord x3  
  59  8:45  Drone x2  
  59  8:48  Spine Crawler  
  60  8:49  Extractor  
  60  8:50  Spore Crawler  
  60  8:51  Extractor x2, Mutalisk x3  
  60  8:53  Drone x4  
  66  9:02  Drone  
  67  9:07  Mutalisk  
  69  9:19  Drone x2  
  71  9:26  Mutalisk x2  
  71  9:28  Drone x2  
  77  9:32  Drone  
  77  9:33  Mutalisk  
  80  9:39  Extractor  
  80  9:42  Drone, Mutalisk  
  82  9:47  Hatchery  
  75  9:56  Hatchery  
  74  10:02  Mutalisk  
  74  10:03  Mutalisk x2  
  80  10:15  Mutalisk  
  80  10:16  Drone x2  
  80  10:17  Drone  
  85  10:25  Corruptor  
  85  10:26  Corruptor  
  89  10:29  Overlord x4  
  89  10:30  Overlord x3  
  89  10:31  Drone  
  89  10:37  Zerg Flyer Weapons Level 1  
  89  10:53  Infestation Pit, Corruptor  
  89  10:55  Drone x2  
  92  11:01  Spine Crawler  
  91  11:07  Mutalisk, Corruptor  
  93  11:32  Mutalisk  
  77  11:33  Mutalisk x3  
  79  11:44  Corruptor x2  
  79  11:45  Mutalisk  
  79  11:47  Drone x8  
  87  11:48  Drone  
  94  11:55  Spore Crawler  
  94  12:00  Hive  
  94  12:01  Mutalisk  
  93  12:02  Drone x2  
  97  12:10  Spine Crawler  
  94  12:27  Spine Crawler, Spore Crawler  
  94  12:28  Spine Crawler  
  86  12:30  Spine Crawler  
  86  12:35  Corruptor  
  86  12:36  Drone x5  
  86  12:37  Drone  
  98  12:40  Spine Crawler x2  
  98  12:42  Spine Crawler  
  98  12:43  Spore Crawler  
  88  12:55  Mutalisk x4  
  88  12:56  Drone x2  
  82  13:19  Mutalisk, Corruptor x3  
  88  13:21  Mutalisk  
  88  13:22  Drone x3  
  88  13:25  Extractor  
  88  13:26  Extractor  
  91  13:36  Spore Crawler  
  91  13:40  Drone  
  91  13:43  Mutalisk x2  
  91  13:45  Drone x2  
Tags
 
Add a new tag
Caveats
  • Supply blocks, unpowered buildings, or Contaminate may cause inaccurate times.
  • Supply counts are checked every 10 seconds.